Unix NetHack Version 5.0.0-0 post-release - last build May 23 2026 06:08:33 (1c0ff79ee797540d5714e4e18072db0edd9e58ae,branch:main).

Game began 2026-05-27 21:58:47, ended 2026-05-27 22:22:44.

CyberFan, neutral male human Monk

                                   -------------
                                   |...........|
                                  #-..^........|
                                  #|@d.........|
                             ######-B-----------
             ----------    ###      #
             |{........#####        #
            #.........|             #
            #|.(......|             #
            #----------             #####
           ##                           #
   -----   #                            #
   |>.`|  ##                         ---.------------
   |...+#########0                   +..............|
   |...|###                          |`.............|
   |...-#                            |...{....<......
   -----                             ----------------

CyberFan the Novice             St:14 Dx:14 Co:13 In:10 Wi:16 Ch:13  Neutral
Dlvl:5  $:78 HP:0(26) Pw:22(22) AC:4  Xp:3/76 T:1561 

Latest messages:
 #
 In what direction?
 You kick a locked chest.
 THUD!
 You hear a muffled shatter.
 You break open the lock!
 You see here a broken chest.
 In what direction?
 H - a white gem.
 You descend the stairs.
 I - an orange gem.
 You climb up the stairs.
 The rabid rat misses!
 You miss the rabid rat.
 The rabid rat bites!
 You hit the rabid rat!
 Your hands stop glowing red.
 The rabid rat appears confused.
 You kill the rabid rat!
 With great effort you move the boulder.
 You hear the splashing of a naiad.
 You hit the floating eye!
 You are frozen by the floating eye's gaze!
 It bites the floating eye.
 You hear someone counting gold coins.
 You can move again.
 You feel tough!
 You must have been leading a healthy life-style.
 You hit the floating eye!
 The floating eye turns to flee.
 You are frozen by the floating eye's gaze!
 The little dog bites the floating eye.
 The floating eye is killed!
 Your little dog eats a floating eye corpse.
 The little dog misses the giant bat.
 The giant bat bites!
 The little dog misses the giant bat.
 The giant bat bites!
 The little dog misses the giant bat.
 The giant bat bites!
 The giant bat bites!
 The little dog misses the giant bat.
 The giant bat bites!
 The little dog misses the giant bat.
 The giant bat bites!
 The little dog bites the giant bat.
 The giant bat misses the little dog.
 The giant bat bites!
 The giant bat bites!
 You die...

Inventory:
 Coins    ('$')
  $ - 78 gold pieces
 Armor    ('[')
  a - an uncursed +2 pair of leather gloves (being worn)
  b - an uncursed +1 robe (being worn)
 Comestibles  ('%')
  g - 6 uncursed apples
  G - an uncursed cram ration
  u - an uncursed cream pie
  f - 4 uncursed food rations
  i - 4 uncursed fortune cookies
  h - 5 uncursed oranges
  m - a cursed pancake
 Scrolls  ('?')
  s - an uncursed scroll of enchant armor
  t - a cursed scroll of enchant armor
  w - 2 uncursed scrolls of enchant weapon
  p - a cursed scroll of enchant weapon
  x - a cursed scroll of light
  c - an uncursed scroll of magic mapping
  o - an uncursed scroll of scare monster
 Spellbooks  ('+')
  j - a blessed spellbook of confuse monster
 Potions  ('!')
  d - a blessed potion of healing
  e - 2 uncursed potions of healing
  z - a cursed potion of healing
  C - an uncursed potion of invisibility
  y - an uncursed potion of water
 Rings    ('=')
  v - an uncursed ring of fire resistance
  q - an uncursed ring of sustain ability
 Wands    ('/')
  n - an uncursed wand of polymorph (0:7)
 Tools    ('(')
  k - an uncursed oil lamp
 Gems/Stones  ('*')
  H - an uncursed opal
  I - an uncursed worthless piece of orange glass
  l - 2 uncursed worthless pieces of white glass

CyberFan the Monk's attributes:

Background:
 You were a Novice, a level 3 male human Monk.
 You were neutral, on a mission for Chih Sung-tzu
 who was opposed by Shan Lai Ching (lawful) and Huan Ti (chaotic).
 You were right-handed.
 You were in the Dungeons of Doom, on level 5.
 You entered the dungeon 1561 turns ago.
 It was nighttime.
 You had 76 experience points, 4 more were needed to attain level 4.

Basics:
 You had 0 out of 26 hit points.
 You had all 22 energy points (spell power).
 Your armor class was 4.
 Your wallet contained 78 zorkmids.
 Autopickup was on for '$%?!"=/*' plus thrown, with exceptions.

Final Characteristics:
 Your strength was 14 (limit:18/100).
 Your dexterity was 14 (limit:18).
 Your constitution was 13 (limit:18).
 Your intelligence was 10 (limit:18).
 Your wisdom was 16 (limit:18).
 Your charisma was 13 (limit:18).

Final Status:
 You weren't hungry.
 You were unencumbered.
 You were empty handed.
 You had basic skill with martial arts.

Final Attributes:
 You were devoutly aligned.
 You were sleep resistant.
 You were poison resistant.
 You saw invisible.
 You were guarded.
 Your spell casting was enhanced by wearing a robe.
 You were fast.
 You are dead.

Miscellaneous:
 You disabled loading and storing of bones levels.
 Total elapsed playing time was 23 minutes and 56 seconds.

Major events:
 Turn
    1: CyberFan the neutral male human Monk entered the dungeon
 1088: entered the Gnomish Mines
 1104: attained the rank of Novice (level 3)
 1561: killed by a giant bat, while frozen by a floating eye's gaze

Spells:
 Name                 Level Category     Fail Retention
 confuse monster        1   enchantment    0%  76%-100%

Skills:
 Fighting Skills
   martial arts       [Basic]
 Weapon Skills
   quarterstaff       [Unskilled]
   spear              [Unskilled]
   crossbow           [Unskilled]
   shuriken           [Unskilled]
 Spellcasting Skills
   attack spells      [Unskilled]
   healing spells     [Basic]
   divination spells  [Unskilled]
   enchantment spells [Unskilled]
   clerical spells    [Unskilled]
   escape spells      [Unskilled]
   matter spells      [Unskilled]

Voluntary challenges:
 Character rerolling was not enabled.
 You followed a strict vegan diet.
 You never hit with a wielded weapon.
 You were illiterate.
 You never genocided any monsters.
 You never polymorphed an object.
 You never changed form.
 You used no wishes.
Achievements:
 You entered a shop.
 You entered the Gnomish Mines.
 You attained the rank of Novice.

 The Dungeons of Doom: levels 1 to 6
    Level 1:
    Level 2:
       A general store, many altars.
    Level 3:
       A vegetarian food shop, an altar to Chih Sung-tzu.
    Level 4:
       Some fountains.
       Stairs down to The Gnomish Mines.
    Level 5: <- You were here.
       Some fountains.
       Final resting place for
          you, killed by a giant bat, while frozen by a floating eye's gaze.
    Level 6:
 The Gnomish Mines:
    Level 5:


Vanquished creatures:
  a floating eye
  a rabid rat
  a giant bat
  a werejackal
  3 coyotes
  a hobgoblin
  a gnome
  a gnome zombie
  a gecko
  2 jackals
  a fox
  2 goblins
  a sewer rat
  a grid bug
  3 lichens
  5 newts
26 creatures vanquished.

No species were genocided or became extinct.

Game over:
                       ----------
                      /          \
                     /    REST    \
                    /      IN      \
                   /     PEACE      \
                  /                  \
                  |     CyberFan     |
                  |      78 Au       |
                  |   killed by a    |
                  |    giant bat     |
                  |                  |
                  |                  |
                  |       2026       |
                 *|     *  *  *      | *
        _________)/\\_//(\/(/\)/\//\/|_)_______

Goodbye CyberFan the Monk...

You died in The Dungeons of Doom on dungeon level 5 with 625 points,
and 78 pieces of gold, after 1561 moves.
You were level 3 with a maximum of 26 hit points when you died.

